 Dungeon Crawl Stone Soup version 0.13.0-18-g7b03ea5 (webtiles) character file.

344 Lilouch the Cudgeler (level 5, -2/33 HPs)
             Began as a Gargoyle Fighter on Oct 22, 2013.
             Slain by an ogre
             ... wielding a +0,+0 giant spiked club
              (6 damage)
             ... on Level 4 of the Dungeon.
             The game lasted 00:06:37 (2419 turns).

Lilouch the Cudgeler (Gargoyle Fighter)             Turns: 2419, Time: 00:06:38

HP  -2/33        AC 19     Str 20      XL: 5   Next: 73%
MP   4/4         EV  3     Int  9      God:
Gold 150         SH 18     Dex  9      Spells:  0 memorised,  4 levels left

Res.Fire  : . . .   See Invis. : .   a - +0 mace
Res.Cold  : . . .   Warding    : .   A - +0 plate armour
Life Prot.: + . .   Conserve   : .   c - +0 shield
Res.Poison: +       Res.Corr.  : .   (no helmet)
Res.Elec. : +       Clarity    : .   g - +1 dwarf cloak
Sust.Abil.: . .     Spirit.Shd : .   w - +0 pair of gauntlets
Res.Mut.  : .       Stasis     : .   (no boots)
Res.Rott. : +       Flight     : .   (no amulet)
Saprovore : . . .                    (no ring)
                                     (no ring)

@: slightly resistant to hostile enchantments, extremely unstealthy
A: fangs 1, talons 2, life protection 1, electricity resistance, slow metabolism
1, unbreathing, petrification resistance, AC +4
a: no special abilities


You were on level 4 of the Dungeon.
You were hungry.

You visited 1 branch of the dungeon, and saw 4 of its levels.

You collected 130 gold pieces.

Inventory:

Hand weapons
 a - a +0,+0 mace (weapon)
Missiles
 r - 9 steel darts (quivered)
Armour
 c - a +0 shield (worn)
 g - a +1 dwarven cloak (worn)
 w - a +0 pair of gauntlets (worn)
 A - a +0 plate armour (worn)
Comestibles
 d - 7 bread rations
 f - 13 sultanas
 m - a pear
 s - 2 meat rations
 u - an apricot
 v - an apple
Scrolls
 h - a scroll of recharging {unknown}
 l - 3 scrolls of identify {unknown}
 o - 3 scrolls of random uselessness {unknown}
 q - 3 scrolls of teleportation {unknown}
 t - a scroll of fog {unknown}
 y - a scroll of magic mapping {unknown}
 z - a scroll of fear {unknown}
Jewellery
 k - an uncursed ring of sustenance {unknown}
 x - a cursed -6 ring of strength {unknown}
Potions
 e - 3 potions of restore abilities {unknown}
 i - a potion of flight {unknown}
 j - a potion of curing {unknown}
 p - 2 potions of might {unknown}


   Skills:
 - Level 3.2 Fighting
 * Level 5.2 Maces & Flails
 + Level 4.8 Armour
 - Level 3.2 Shields


You had 4 spell levels left.
You didn't know any spells.

Dungeon Overview and Level Annotations

Branches:
Dungeon (4/27)
 Temple: D:4-7

Altars:
Xom


Innate Abilities, Weirdness & Mutations

You are resistant to torment.
You are immune to poison.
Your stone body is very resilient (AC +4).
You have very sharp teeth.
You have razor-sharp toenails.
You resist negative energy.
You are resistant to electric shocks.
You have a slow metabolism.
You can survive without breathing.
You are immune to petrification.


Message History

There is a stone staircase leading down here.
You start resting.
You smell something rotten. (slot n)
You start resting.
You start resting.
You are feeling hungry.
You start resting.
All of the chunks of flesh in your inventory have completely rotted away.
You start resting.
HP restored.
You climb downwards.
The ogre hits you with a giant spiked club!
There is a stone staircase leading up here.
You see here a bolt.
You hit the ogre. You bite the ogre.
The ogre is lightly wounded.
The ogre hits you with a giant spiked club!
* * * LOW HITPOINT WARNING * * *
The ogre hits you with a giant spiked club.
You die...

## .. . ...###### .###
.....#...##..!
..........#..
............#
..$.........@###
#..............#O<#
...............%.#...#
..........K......#####
................##
................##
.................#
................##
................#


You could see an ogre and a kobold.

Vanquished Creatures
  2 orc wizards (D:3)
  A worker ant (D:3)
  5 adders
  3 worms
  3 orcs (D:3)
  2 ball pythons
  6 bats
  5 goblins
  7 hobgoblins
  6 giant cockroaches
  5 giant newts
  A jackal skeleton (D:4)
  3 kobolds
  6 rats
55 creatures vanquished.

Notes
Turn   | Place    | Note
--------------------------------------------------------------
     0 | D:1      | Lilouch, the Gargoyle Fighter, began the quest for the Orb.
     0 | D:1      | Reached XP level 1. HP: 14/14 MP: 0/0
   193 | D:1      | Reached XP level 2. HP: 19/19 MP: 1/1
   856 | D:2      | Reached XP level 3. HP: 21/24 MP: 2/2
   996 | D:2      | Reached skill level 4 in Armour
  1050 | D:2      | Reached XP level 4. HP: 28/28 MP: 3/3
  1446 | D:3      | Found a shimmering altar of Xom.
  1453 | D:3      | Found a shimmering altar of Xom.
  1453 | D:3      | Found a shimmering altar of Xom.
  1459 | D:3      | Found a shimmering altar of Xom.
  1459 | D:3      | Found a shimmering altar of Xom.
  1460 | D:3      | Found a shimmering altar of Xom.
  1666 | D:3      | Reached XP level 5. HP: 4/33 MP: 4/4
  1961 | D:3      | Reached skill level 5 in Maces & Flails
  2159 | D:4      | Noticed an ogre
  2419 | D:4      | Slain by an ogre

Action                   |  1- 3 |  4- 6 || total
-------------------------+-------+-------++-------
Melee: Mace              |    82 |   108 ||   190
Throw: Dart              |     9 |       ||     9
